 Dungeon Crawl Stone Soup version 0.20.0-10-g0535bb4 (webtiles) character file.

16200 nikopol the Cleaver (level 12, -27/112 HPs)
             Began as a Minotaur Berserker on June 5, 2017.
             Was a High Priest of Trog.
             Annihilated by DogShitOnMyToe's ghost (38 damage)
             ... on level 3 of the Lair of Beasts.
             The game lasted 00:29:52 (10677 turns).

nikopol the Cleaver (Minotaur Berserker)           Turns: 10677, Time: 00:29:53

Health: -27/112    AC: 14    Str: 22    XL:     12   Next: 8%
Magic:  11/11      EV: 13    Int:  4    God:    Trog [*****.]
Gold:   479        SH:  3    Dex: 15    Spells: 11/11 levels left

rFire    . . .     SeeInvis +   a - +2 battleaxe
rCold    + . .     Gourm    .   (shield currently unavailable)
rNeg     . . .     Faith    .   K - +0 scale mail "Xedduetze" {rPois Regen+ SInv Stlth-} (curse)
rPois    +         Spirit   .   D - +1 hat
rElec    .         Reflect  +   t - +1 cloak
rCorr    +         Harm     .   m - +1 pair of gloves
MR       .....                  (no boots)
Stlth    ..........             E - +3 amulet of reflection
Regen    0.7/turn               X - ring of protection from cold
MPRegen  0.2/turn               R - ring of resist corrosion

@: berserk cooldown, slowed, very slow
A: retaliatory headbutt, horns 2
a: Berserk, Trog's Hand, Brothers in Arms, Burn Spellbooks, Renounce Religion


You were on level 3 of the Lair of Beasts.
You worshipped Trog.
Trog was extremely pleased with you.
You were near starving.

You visited 2 branches of the dungeon, and saw 13 of its levels.

You collected 717 gold pieces.
You spent 238 gold pieces at shops.

Inventory:

Hand Weapons
 a - a +2 battleaxe (weapon)
 z - a +0 shortbow of freezing
 P - a +4 shortbow
Missiles
 k - 160 arrows (quivered)
Armour
 m - a +1 pair of gloves (worn)
 t - a +1 cloak (worn)
 D - a +1 hat (worn)
 K - the cursed +0 scale mail "Xedduetze" (worn) {rPois Regen+ SInv Stlth-}
   (You bought it in a shop on level 6 of the Dungeon)

   It protects you from poison.
   It lets you see invisible.
   It increases your rate of regeneration.
   It makes you less stealthy.
   It has a curse placed upon it.
Jewellery
 E - a +3 amulet of reflection (around neck)
 F - an uncursed ring of poison resistance
 J - an uncursed ring of protection from magic
 M - a +3 ring of evasion
 R - a ring of resist corrosion (right hand)
 V - an uncursed ring of see invisible
 X - a ring of protection from cold (left hand)
Wands
 u - a wand of confusion (27/48)
 B - a wand of digging (15/24)
Scrolls
 b - 3 scrolls of identify
 e - a scroll of enchant armour {unknown}
 f - 4 scrolls of enchant weapon
 i - 3 scrolls of teleportation
 l - 4 scrolls of immolation {unknown}
 p - a scroll of random uselessness {unknown}
 q - 2 scrolls of noise {unknown}
 v - 4 scrolls of fear {unknown}
 w - 5 scrolls of remove curse {unknown}
 G - 4 scrolls of magic mapping {unknown}
 L - 4 scrolls of blinking {unknown}
 W - a scroll of fog {unknown}
Potions
 n - 3 potions of agility
 o - 3 potions of curing
 r - a potion of flight
 s - 3 potions of might
 A - a potion of invisibility {unknown}
 C - 3 potions of lignification {unknown}
 H - a potion of ambrosia {unknown}
 S - 3 potions of heal wounds {unknown}
Comestibles
 c - 10 bread rations
 d - 26 fruits
 g - 4 royal jellies
 h - a chunk of flesh
 j - 4 meat rations


   Skills:
 + Level 12.2 Fighting
 + Level 12.7 Axes
 + Level 11.3 Bows
 + Level 9.0 Armour
 + Level 5.4 Dodging
 + Level 0.8 Stealth


You had 11 spell levels left.
You didn't know any spells.

Dungeon Overview and Level Annotations

Branches:
Dungeon (10/15)            Temple (0/1) D:6            Lair (3/6) D:8
  Snake (0/4) Lair:2
  Swamp: Lair:2-4    Shoals: Lair:2-4       Orc: D:9-12

Altars:
Ashenzari
Dithmenos
Fedhas
Nemelex Xobeh
Okawaru
Uskayaw

Shops:
D:4 !   D:6 [[(:!

Annotations:
Lair:3 DogShitOnMyToe's ghost, adept TrWr


Innate Abilities, Weirdness & Mutations

You reflexively headbutt those who attack you in melee.
You have a pair of horns on your head.


Message History

DogShitOnMyToe's ghost is almost destroyed.
You slash DogShitOnMyToe's ghost!
DogShitOnMyToe's ghost is almost destroyed.
DogShitOnMyToe's ghost hits you!!
You barely miss DogShitOnMyToe's ghost.
DogShitOnMyToe's ghost is almost destroyed.
You are no longer berserk.
You are exhausted.
You feel yourself slow down.
DogShitOnMyToe's ghost closely misses you.
You closely miss DogShitOnMyToe's ghost.
You headbutt DogShitOnMyToe's ghost, but do no damage.
DogShitOnMyToe's ghost is almost destroyed.
DogShitOnMyToe's ghost hits you.
You hit DogShitOnMyToe's ghost. You headbutt DogShitOnMyToe's ghost.
DogShitOnMyToe's ghost is almost destroyed.
DogShitOnMyToe's ghost hits you!!
* * * LOW HITPOINT WARNING * * *
DogShitOnMyToe's ghost hits you!!!
You die...

... ###.....P≈≈≈≈
...####.#W....≈≈≈#
#..........(..(≈#
#....>...(.#≈≈#
#......###(..(+
#..#..####(.≈≈#
#.....###.(.≈≈##
#..##...##P.W.≈≈≈##### #P
#...#....@..≈≈≈≈≈≈≈
#..#..........<.≈≈≈≈≈≈
#....##......#.......
#.......###....#.........
#...8.... ##.............
#.......## #P............
..8...8.# #.............
......... P...#.#.......
#...8.... .....####......


You could see DogShitOnMyToe's ghost.

Vanquished Creatures
  A hydra (Lair:2)
  The ghost of Fenrir042 the Fighter, a novice DrBe of Trog (D:8)
  An unseen horror (D:10)
  Pikel (D:6)
  Psyche (D:8)
  2 black mambas (Lair:1)
  8 spiny frogs
  2 rime drakes
  2 komodo dragons (Lair:2)
  A hornet (D:7)
  2 trolls
  2 hippogriffs
  Sigmund (D:2)
  A vampire (D:10)
  A hungry ghost (D:8)
  12 yaks
  Eustachio (D:6)
  Menkaure (D:7)
  4 porcupines
  4 water moccasins
  2 black bears
  2 ice beasts (D:6)
  2 slaves (D:6)
  2 ogres
  3 orc warriors
  2 sky beasts (D:10)
  An eye of draining (D:6)
  2 phantoms
  5 wolves (Lair:2)
  4 centaurs
  7 crocodiles
  3 big kobolds
  14 bullfrogs
  A scorpion (Lair:1)
  6 killer bees (D:7)
  3 wights (D:7)
  A howler monkey (D:6)
  3 crimson imps
  A centaur zombie (D:5)
  A bullfrog skeleton (D:7)
  14 orc wizards
  4 orc priests
  2 hounds
  4 jellies
  3 iguanas
  A hell rat (Lair:1)
  7 worker ants
  A killer bee zombie (D:9)
  A hound zombie (D:8)
  2 worker ant zombies (D:6)
  10 adders
  A gnoll (D:5)
  4 river rats (Lair:1)
  3 shadow imps
  4 worms
  3 dart slugs
  2 leopard geckos
  30 orcs
  A ball python (D:2)
  5 giant cockroaches
  6 goblins
  6 hobgoblins
  4 jackals (D:2)
  3 quokkas
  3 bats
  2 frilled lizards (D:3)
  A jackal zombie (D:5)
  17 kobolds
  A leopard gecko skeleton (D:8)
  8 rats
  3 fungi (Lair:2)
  A plant (Lair:2)
271 creatures vanquished.

Vanquished Creatures (others)
  A slave (D:6)
  A necrophage (D:6)
2 creatures vanquished.

Grand Total: 273 creatures vanquished

Notes
Turn   | Place    | Note
-------+----------+-------------------------------------------
     0 | D:1      | nikopol the Minotaur Berserker began the quest for the Orb.
     0 | D:1      | Reached XP level 1. HP: 19/19 MP: 0/0
   454 | D:1      | Reached XP level 2. HP: 27/27 MP: 1/1
   719 | D:2      | Found a shattered altar of Ashenzari.
   915 | D:2      | Reached XP level 3. HP: 27/33 MP: 2/2
   962 | D:2      | Reached skill level 5 in Axes
   966 | D:2      | Reached XP level 4. HP: 41/41 MP: 3/3
   969 | D:2      | Reached XP level 5. HP: 47/47 MP: 4/4
   975 | D:2      | Reached skill level 5 in Fighting
  1181 | D:2      | Reached ** piety under Trog
  1235 | D:2      | Noticed Sigmund
  1246 | D:2      | Killed Sigmund
  1246 | D:2      | Reached XP level 6. HP: 30/57 MP: 5/5
  2733 | D:4      | Found Cumpus's Distillery.
  2743 | D:4      | Bought a potion of might for 40 gold pieces
  3230 | D:5      | Entered Level 5 of the Dungeon
  3388 | D:5      | Reached XP level 7. HP: 53/63 MP: 6/6
  3993 | D:6      | Found Ahofevuwk's Weapon Emporium.
  4010 | D:6      | Found Masag's Distillery.
  4053 | D:6      | Reached skill level 1 in Bows
  4114 | D:6      | Noticed a troll
  4121 | D:6      | Killed a troll
  4121 | D:6      | Reached XP level 8. HP: 73/73 MP: 1/7
  4208 | D:6      | Noticed Pikel
  4219 | D:6      | Killed Pikel
  4219 | D:6      | Reached skill level 5 in Bows
  4219 | D:6      | Reached skill level 5 in Armour
  4419 | D:6      | Found a staircase to the Ecumenical Temple.
  4523 | D:6      | Reached *** piety under Trog
  4534 | D:6      | Found Voumoi's Antique Armour Emporium.
  4548 | D:6      | Bought a slimy scale mail for 198 gold pieces
  4568 | D:6      | Identified the cursed +0 scale mail "Xedduetze" {rPois Regen+ SInv Stlth-} (You bought it in a shop on level 6 of the Dungeon)
  4568 | D:6      | Noticed Eustachio
  4580 | D:6      | Killed Eustachio
  4612 | D:6      | Found Badilecu's Book Shoppe.
  4621 | D:6      | Reached XP level 9. HP: 66/80 MP: 8/8
  4661 | D:6      | Found Abiserch's Armour Shop.
  4758 | D:6      | Found a sparkling altar of Nemelex Xobeh.
  5164 | D:7      | Found a shadowy altar of Dithmenos.
  5313 | D:7      | Found a hide-covered altar of Uskayaw.
  5399 | D:7      | Received a gift from Trog
  5411 | D:7      | Reached **** piety under Trog
  5753 | D:7      | Noticed Menkaure
  5759 | D:7      | Killed Menkaure
  5798 | D:7      | Noticed a hand axe
  5799 | D:7      | Noticed an enchanted dagger
  5856 | D:7      | Found a hide-covered altar of Uskayaw.
  6441 | D:8      | Reached XP level 10. HP: 87/91 MP: 9/9
  6443 | D:8      | Reached skill level 10 in Axes
  6486 | D:8      | Noticed Fenrir042's ghost (novice DrBe)
  6779 | D:8      | Noticed Psyche
  6785 | D:8      | Paralysed by Psyche for 5 turns
  6802 | D:8      | Killed Psyche
  7025 | D:8      | Found a blossoming altar of Fedhas.
  7051 | D:8      | Killed Fenrir042's ghost
  7212 | D:8      | Found an iron altar of Okawaru.
  7291 | D:8      | You fall through a shaft for 2 floors!
  7291 | D:10     | Entered Level 10 of the Dungeon
  7397 | D:10     | Noticed an unseen horror
  7405 | D:10     | Reached skill level 10 in Fighting
  7408 | D:10     | Killed an unseen horror
  7535 | D:10     | Reached ***** piety under Trog
  7728 | D:8      | Found a staircase to the Lair.
  7912 | Lair:1   | Entered Level 1 of the Lair of Beasts
  7961 | Lair:1   | Noticed a black mamba
  7969 | Lair:1   | Killed a black mamba
  7969 | Lair:1   | Reached XP level 11. HP: 73/101 MP: 10/10
  8046 | Lair:1   | Received a gift from Trog
  8046 | Lair:1   | Reached skill level 10 in Bows
  8555 | Lair:1   | Reached skill level 5 in Dodging
  9167 | Lair:2   | Noticed a six-headed hydra
  9178 | Lair:2   | Killed a six-headed hydra
 10015 | Lair:2   | Reached XP level 12. HP: 58/112 MP: 11/11
 10216 | Lair:2   | Found a staircase to the Snake Pit.
 10257 | Lair:2   | Received a gift from Trog
 10645 | Lair:3   | Noticed DogShitOnMyToe's ghost (adept TrWr)
 10677 | Lair:3   | Annihilated by DogShitOnMyToe's ghost

Skill      XL: |  1  2  3  4  5  6  7  8  9 10 11 12 |
---------------+-------------------------------------+-----
Axes           | 4 5 6 7 8 9 11 12 | 12.7
Fighting       | 4 5 6 7 9 10 12 | 12.2
Armour         | 3 4 5 6 7 8 9 |  9.0
Dodging        | 3 4 5 |  5.4
Bows           | 3 6 8 9 11 | 11.3
Stealth        | |  0.8

Action                   |  1- 3 |  4- 6 |  7- 9 | 10-12 || total
-------------------------+-------+-------+-------+-------++-------
Melee: Hand axe          |    41 |    77 |       |       ||   118
       Headbutt          |     6 |    16 |    29 |    50 ||   101
       War axe           |       |    36 |   152 |       ||   188
       Battleaxe         |       |       |     1 |   274 ||   275
 Fire: Shortbow          |       |       |   204 |   287 ||   491
Invok: Berserk           |     1 |       |     3 |     4 ||     8
  Use: Scroll            |       |       |       |     7 ||     7
       Potion            |       |       |       |     1 ||     1
  Eat: Chunk             |       |     9 |    11 |    16 ||    36
       Fruit             |       |       |     1 |     1 ||     2
       Meat ration       |       |       |       |     1 ||     1
Armor: Animal skin       |     6 |    13 |       |       ||    19
       Chain mail        |       |    28 |    34 |       ||    62
       Scale mail        |       |       |    36 |   113 ||   149
Dodge: Dodged            |    30 |    46 |   130 |   161 ||   367
Block: Other             |       |       |       |    11 ||    11
